 Dungeon Crawl Stone Soup version 0.29.1-1-gd02db6906a (webtiles) character file.

Game seed: 15486827468237586858

5565 hawla the Arsonist (level 11, -7/80 HPs)
             Began as a Meteoran Fire Elementalist on Oct 8, 2022.
             Mangled by a two-headed ogre
             ... wielding a +0 giant spiked club
              (18 damage)
             ... on level 9 of the Dungeon.
             The game lasted 00:17:34 (3942 turns).

hawla the Arsonist (Meteoran Fire Elementalist)     Turns: 3942, Time: 00:17:35

Health: -7/80      AC:  5    Str: 10    XL:     11   Next: 22%
Magic:  13/27      EV: 14    Int: 20    God:
Gold:   389        SH:  0    Dex: 16    Spells: 24/32 levels left

rFire   . . .      SeeInvis .   n - staff of conjuration
rCold   . . .      Faith    .   (no shield)
rNeg    . . .      Spirit   .   a - +1 robe
rPois   +          Reflect  .   (no helmet)
rElec   .          Harm     .   (no cloak)
rCorr   .          Rampage  .   C - +0 pair of gloves
Will    +....                   k - +0 pair of boots
Stlth   +.........              (no amulet)
HPRegen 0.23/turn               l - ring of poison resistance
MPRegen 0.20/turn               (no ring)

@: hasted, glowing, very quick
A: sense surroundings 2, otherworldly, glowing, explore regen
a: no special abilities


You were on level 9 of the Dungeon.
You visited 2 branches of the dungeon, and saw 8 of its levels.
You also visited: Sewer and Ossuary.

You collected 389 gold pieces.

Inventory:

Armour
 a - a +1 robe (worn)
 k - a +0 pair of boots (worn)
 C - a +0 pair of gloves (worn)
Magical Staves
 n - a staff of conjuration (weapon)
Jewellery
 l - a ring of poison resistance (left hand)
 v - a ring of resist corrosion
Wands
 e - a wand of iceblast (30)
 i - a wand of flame (11)
Scrolls
 c - 2 scrolls of teleportation
 h - 3 scrolls of blinking
 q - 2 scrolls of poison
 r - a scroll of butterflies
 y - 2 scrolls of fear
Potions
 b - a potion of magic
 d - 3 potions of resistance
 f - 2 potions of curing
 g - 2 potions of flight
 j - a potion of attraction
 m - a potion of brilliance
 o - 4 potions of invisibility
 p - 4 potions of heal wounds {unknown}
 s - 3 potions of ambrosia
 u - 2 potions of haste
 w - a potion of cancellation
 z - 3 potions of mutation
 A - a potion of berserk rage


   Skills:
 + Level 2.5 Fighting
 + Level 1.3 Staves
 + Level 5.1 Dodging
 - Level 1.4 Stealth
 + Level 11.1 Spellcasting
 + Level 6.5 Conjurations
 + Level 12.9 Fire Magic
 + Level 1.5 Evocations


You had 24 spell levels left.
You knew the following spells:

 Your Spells              Type           Power      Damage    Failure   Level
a - Foxfire               Conj/Fire      100%       2x1d9     1%          1
b - Scorch                Fire           100%       2d10      1%          2
c - Flame Wave            Conj/Fire      66%        2d15      1%          4
d - Apportation           Tloc           22%        N/A       6%          1

Your spell library contained the following spells:

 Spells                   Type           Power      Damage    Failure   Level
 Conjure Flame            Conj/Fire      66%        6-21      1%          3
 Inner Flame              Hex/Fire       36%        N/A       1%          3
 Stone Arrow              Conj/Erth      72%        3d11      4%          3
 Necrotise                Necr           44%        1d6       6%          1
 Sandblast                Erth           22%        2d7       6%          1
 Summon Small Mammal      Summ           44%        N/A       6%          1
 Passwall                 Tmut/Erth      9%         N/A       10%         2
 Confusing Touch          Hex            11%        N/A       19%         3
 Gell's Gravitas          Tloc           11%        N/A       19%         3
 Lesser Beckoning         Tloc           11%        N/A       19%         3
 Teleport Other           Tloc           11%        N/A       19%         3
 Yara's Violent Unravell  Hex/Tmut       5%         3d4       86%         5
 Enfeeble                 Hex            5%         N/A       100%        7


Dungeon Overview and Level Annotations

Branches:
Dungeon (9/15) Zot: 855    Temple (1/1) D:7 Zot: 515   Sewer (visited)
Ossuary (visited)
   Lair: D:8-11         Orc: D:9-12

Altars:
Ashenzari
Cheibriados
Elyvilon
Fedhas
Gozag
Hepliaklqana
Kikubaaqudgha
Makhleb
Nemelex Xobeh
Qazlal
Ru
Sif Muna
Trog
Vehumet
Wu Jian
Yredelemnul
Zin
The Shining One

Annotations:
D:6 1 runed translucent door


Innate Abilities, Weirdness & Mutations

You passively map the area around you.
You are easily found by Zot.
You glow in the dark.
You regain HP and MP as you explore.


Message History

Confirm with . or Enter, or press ? or * to list all spells.
Flames lash the two-headed ogre.
The two-headed ogre is moderately wounded.
The two-headed ogre's fire resistance burns away.
Casting: Scorch (safe; 1% risk of failure)
Confirm with . or Enter, or press ? or * to list all spells.
Casting: Flame Wave (mildly dangerous; 1% risk of failure)
Press: ? - help, Dir - look around, f - activate You feel a surge of power!
A wave of flame ripples out!
The flame wave engulfs the two-headed ogre.
The two-headed ogre is burned terribly!
The two-headed ogre is heavily wounded. (Press . to intensify the flame waves.)
The two-headed ogre closely misses you.
The two-headed ogre hits you with a +0 giant club!!
A wave of flame ripples out!
The flame wave engulfs the two-headed ogre!
The two-headed ogre is moderately wounded.
The flame wave engulfs the two-headed ogre!!
The two-headed ogre is burned terribly!
The two-headed ogre is almost dead.
The two-headed ogre hits you with a +0 giant spiked club!
The two-headed ogre hits you with a +0 giant club!!
* * * LOW HITPOINT WARNING * * *
A wave of flame ripples out!
The flame wave engulfs the two-headed ogre!
The two-headed ogre is heavily wounded.
The flame wave engulfs the two-headed ogre!!
The two-headed ogre is burned terribly!
You kill the two-headed ogre!
The flame wave engulfs the gnoll!
The gnoll is severely wounded.
You finish channelling waves of flame.
The gnoll hits you from afar with a +0 spear.
* * * LOW HITPOINT WARNING * * *
Your Dodging skill increases to level 5!
Your Spellcasting skill increases to level 11!
You feel yourself speed up.
The two-headed ogre hits you with a +0 giant spiked club!!
You die...

,, ,* ,, ,, ,,, ,***
,,, , * * # ,,, *
#### * , .g , #...##
#.. ##.(...## , ,,
....###### #.......#
.........###.......#
***,,
.....g.....#<....<.#
⌠....!))@.#........##
,,
,......O....#.......#
,
⌠############.......#
* #.......# *
##.....## #...## ####


You could see a two-headed ogre and 2 gnolls.

Vanquished Creatures
  A two-headed ogre (D:9)
  Pikel (D:8)
  A hornet (D:7)
  A shadow (D:9)
  Sigmund (D:2)
  A wyvern (D:7)
  2 water moccasins (D:7)
  3 sky beasts
  An ice beast (D:8)
  2 black bears (D:6)
  A centaur (D:6)
  An ogre (D:6)
  3 lemures (D:8)
  A phantom (D:6)
  A kobold brigand (D:7)
  9 bullfrogs
  2 necrophages
  9 scorpions
  4 water moccasin zombies (Ossuary)
  5 wights (D:7)
  6 killer bees
  A hound (D:7)
  An orc priest (D:6)
  A jelly (D:6)
  2 gnoll boudas
  Terence (D:2)
  6 orc wizards
  3 mummies
  10 river rats (Sewer)
  10 adders
  12 gnolls
  2 white imps (D:7)
  2 adder zombies (Ossuary)
  12 orcs
  18 ball pythons
  8 bats
  5 endoplasms
  10 giant cockroaches
  A gnoll zombie (Ossuary)
  8 goblins
  4 hobgoblins (D:2)
  4 jackals (D:1)
  4 quokkas
  8 frilled lizards
  9 hobgoblin zombies (Ossuary)
  11 kobolds
  6 kobold zombies (Ossuary)
  4 orc zombies (Ossuary)
  29 rats
248 creatures vanquished.

Vanquished Creatures (others)
  238 foxfires
238 creatures vanquished.

Grand Total: 486 creatures vanquished

Notes
Turn   | Place    | Note
-------+----------+-------------------------------------------
     0 | D:1      | hawla the Meteoran Fire Elementalist began the quest for
                  | the Orb.
     0 | D:1      | Reached XP level 1. HP: 14/14 MP: 5/5
    25 | D:1      | Reached XP level 2. HP: 20/20 MP: 0/6
    28 | D:1      | Learned a level 2 spell: Scorch
    46 | D:1      | Reached skill level 4 in Fire Magic
   255 | D:1      | Reached XP level 3. HP: 26/26 MP: 6/8
   500 | D:1      | Glimpsed the power of Zot.
   586 | D:2      | Reached XP level 4. HP: 33/33 MP: 2/10
   600 | D:2      | Learned a level 4 spell: Flame Wave
   845 | D:2      | Noticed Terence
   850 | D:2      | Killed Terence
   851 | D:2      | Reached skill level 5 in Fire Magic
   851 | D:2      | Reached XP level 5. HP: 22/38 MP: 4/11
  1096 | D:2      | Noticed Sigmund
  1100 | D:2      | Killed Sigmund
  1100 | D:2      | Glimpsed the power of Zot.
  1101 | D:2      | Reached skill level 6 in Fire Magic
  1101 | D:2      | Reached XP level 6. HP: 45/45 MP: 3/12
  1162 | D:3      | Found a glowing silver altar of Zin.
  1268 | D:3      | You fall into a shaft and drop 3 floors!
  1275 | D:6      | Reached skill level 7 in Fire Magic
  1275 | D:6      | Reached XP level 7. HP: 35/50 MP: 7/13
  1322 | D:6      | Found a runed translucent door.
  1324 | D:6      | Found a runed translucent door.
  1329 | D:6      | Reached skill level 8 in Fire Magic
  1330 | D:6      | Reached XP level 8. HP: 37/57 MP: 2/15
  1342 | D:6      | Reached skill level 5 in Spellcasting
  1342 | D:6      | Reached skill level 9 in Fire Magic
  1405 | D:6      | Learned a level 1 spell: Apportation
  1447 | D:6      | Found a sand-covered staircase.
  1455 | Ossuary  | Entered an ossuary
  1486 | Ossuary  | Gained mutation: You passively map the area around you.
                  | [Meteoran growth]
  1486 | Ossuary  | Reached XP level 9. HP: 63/63 MP: 5/19
  1502 | Ossuary  | Reached skill level 1 in Fighting
  1578 | Ossuary  | Reached skill level 1 in Staves
  1650 | D:6      | Found a glowing drain.
  1660 | Sewer    | Entered a sewer
  1717 | Sewer    | Reached skill level 10 in Fire Magic
  2031 | D:6      | Found an ancient bone altar of Kikubaaqudgha.
  2139 | D:6      | Reached skill level 5 in Conjurations
  2181 | D:6      | Found a glowing golden altar of the Shining One.
  2371 | D:7      | Reached XP level 10. HP: 68/73 MP: 11/23
  2418 | D:7      | Reached skill level 11 in Fire Magic
  2682 | D:7      | Found a staircase to the Ecumenical Temple.
  2691 | Temple   | Entered the Ecumenical Temple
  2922 | D:7      | Reached skill level 1 in Evocations
  3585 | D:8      | Reached skill level 10 in Spellcasting
  3589 | D:8      | Reached skill level 12 in Fire Magic
  3664 | D:8      | Found a stormy altar of Qazlal.
  3784 | D:8      | Noticed Pikel
  3793 | D:8      | Killed Pikel
  3794 | D:8      | Reached XP level 11. HP: 34/79 MP: 13/26
  3933 | D:9      | Noticed a two-headed ogre
  3933 | D:9      | Noticed a two-headed ogre
  3941 | D:9      | Killed a two-headed ogre
  3942 | D:9      | Reached skill level 5 in Dodging
  3942 | D:9      | Mangled by a two-headed ogre

Illustrated notes

Levels and vault maps discovered:
D:1:      mushboom_english_gardens, layout_basic,
          hellmonk_ecumenical_altar_inner_sanctum, grunt_decor_resistance
D:2:      layout_loops_cross, uniq_terence, uniq_sigmund
D:3:      layout_basic, marbit_many_paths, mainiacjoe_overflow_chevrons,
          mainiacjoe_overflow_cross_hatched, nicolae_hexahallways, uniq_ijyb
D:6:      lemuel_insect_pit, layout_rooms, nicolae_kikubaaqudgha_miasma_corner,
          tso_metal_star, cheibrodos_sewer_entry_sluice,
          gup_ossuary_entry_pyramid, kennysheep_generic_room_8
D:7:      layout_cave_pods, minmay_temple_entry_trees
D:8:      layout_gridville, kennysheep_mini, uniq_pikel
D:9:      layout_rooms, okawaru_trees_2, serial_shops, shop_fountains,
          enter_bailey_5, minivault_20, hex_tiny, minivault_7
Temple:   nicolae_temple_great_sept

Skill      XL: |  1  2  3  4  5  6  7  8  9 10 11 |
---------------+----------------------------------+-----
Fire Magic     | 4 5 6 7 8 9 10 12 | 12.9
Spellcasting   | 3 4 6 8 10 11 | 11.1
Conjurations   | 2 3 4 5 6 |  6.5
Dodging        | 3 4 5 |  5.1
Fighting       | 1 2 |  2.5
Staves         | 1 |  1.3
Evocations     | 1 |  1.5
Stealth        | |  1.4

Action                   |  1- 3 |  4- 6 |  7- 9 | 10-12 || total
-------------------------+-------+-------+-------+-------++-------
Melee: Unarmed           |     2 |     6 |       |       ||     8
       Staff             |       |     3 |    43 |     4 ||    50
       Punch             |       |     1 |       |       ||     1
 Cast: Foxfire           |    34 |    11 |    65 |    25 ||   135
       Scorch            |    12 |    27 |    43 |    33 ||   115
       Flame Wave        |       |       |    13 |    14 ||    27
  Use: Scroll            |       |     7 |     4 |    13 ||    24
       Potion            |       |       |     2 |     2 ||     4
Armor: Robe              |     3 |     9 |    35 |    11 ||    58
Dodge: Dodged            |     6 |    21 |    93 |    31 ||   151
